 Dungeon Crawl Stone Soup version 0.17-a0-1447-g3d113ad (webtiles) character file.

972 likely the Cleaver (level 7, -4/52 HPs)
             Began as a Demonspawn Berserker on June 29, 2015.
             Was an Elder of Trog.
             Slain by afx's ghost (9 damage)
             ... in an ossuary.
             The game lasted 00:09:04 (3546 turns).

likely the Cleaver (Demonspawn Berserker)           Turns: 3546, Time: 00:09:05

Health: -4/52      AC: 14    Str: 15 (17) XL:     7   Next: 94%
Magic:  7/7        EV:  7    Int: 11      God:    Trog [****..]
Gold:   255        SH:  3    Dex: 13      Spells: 0 memorised, 6 levels left

rFire  . . .     SeeInvis .     a - +0 hand axe
rCold  . . .     Clarity  .     p - +0 chain mail (curse)
rNeg   . . .     SustAt   .     (no shield)
rPois  +         Gourm    .     (helmet restricted)
rElec  .         Spirit   .     d - +2 cloak of Calculation {Dex+3}
rCorr  .         Warding  .     (no gloves)
rMut   .         Stasis   .     (no boots)
MR     +....                    f - amulet of faith
Stlth  ..........               u - ring of flight
                                o - ring of poison resistance

@: exhausted, slowed, very slow, somewhat resistant to hostile enchantments,
extremely unstealthy
A: claws 1, horns 2, large bone plates 2, clumsy 1, magic resistance 1, spiny 1
a: Burn Spellbooks, Berserk, Trog's Hand, Brothers in Arms, Renounce Religion,
Evoke Flight


You were in an ossuary.
You worshipped Trog.
Trog was greatly pleased with you.
You were not hungry.

You visited 1 branch of the dungeon, and saw 6 of its levels.
You also visited: Ossuary.

You collected 255 gold pieces.

Inventory:

Hand weapons
 a - a +0 hand axe (weapon)
Armour
 b - a +0 animal skin
 d - the +2 cloak of Calculation (worn) {Dex+3}
   (You found it on level 7 of the Dungeon)

   It affects your dexterity (+3).
 g - a +2 scale mail of cold resistance
 i - a +0 ring mail
 p - a cursed +0 chain mail (worn)
Jewellery
 f - an amulet of faith (around neck)
 o - a ring of poison resistance (left claw)
 u - a ring of flight (right claw)
Scrolls
 k - a scroll of identify
 q - a scroll of teleportation
 w - a scroll of remove curse {unknown}
 y - a scroll of blinking {unknown}
Potions
 l - a potion of heal wounds
 s - a potion of might
 v - a potion of curing
 x - a potion of brilliance
Comestibles
 c - 3 bread rations
 m - a fruit
 n - a slice of pizza


   Skills:
 - Level 3.0 Fighting
 + Level 8.9 Axes
 - Level 1.7 Armour
 - Level 1.7 Dodging


You had 6 spell levels left.
You didn't know any spells.

Dungeon Overview and Level Annotations

Branches:
Dungeon (7/15)             Temple (0/1) D:4

Altars:
Ashenzari
Cheibriados
Elyvilon
Nemelex Xobeh
Okawaru
Zin
The Shining One

Annotations:
Ossuary afx's ghost, experienced OgFi


Innate Abilities, Weirdness & Mutations

You have a pair of horns on your head.
You are mostly covered in large bone plates (AC +3, SH +3).
You are partially covered in sharp spines.
You have sharp fingernails.
You are clumsy. (Dex -2)
You are resistant to hostile enchantments.


Message History

Afx's ghost closely misses your ogre.
Your ogre hits afx's ghost with a giant spiked club!!!
Afx's ghost hits your ogre.
Your ogre dies!
Your ogre's corpse disappears in a puff of smoke!
Use which ability? (? or * to list)
Your ogre goes berserk!
You feel somewhat more hungry. Afx's ghost hits your ogre!!
Your ogre hits afx's ghost with a giant club!
Afx's ghost barely misses your ogre.
Your ogre hits afx's ghost with a giant club!
Your ogre barely misses afx's ghost.
Afx's ghost hits your ogre!
Your ogre dies!
Your ogre's corpse disappears in a puff of smoke!
Afx's ghost turns its malevolent gaze towards you.
There is a gate leading back out of this place here.
Use which ability? (? or * to list)
You fail to use your ability.
Afx's ghost is struck by your spines. Afx's ghost hits you!
You die...

#'### # #...# #
#^^.# # #.^^# #
#.^^# #
##'###############
#ยง..#..^#....'^.^'
#W..#.^^'....#...#
#@..'^..#....#...#
##################


You could see afx's ghost.

Vanquished Creatures
  The ghost of afx the Basher, an average OgFi (D:4)
  Duvessa (D:4)
  2 water moccasin zombies (Ossuary)
  Dowan (D:4)
  A gnoll shaman (D:7)
  A giant frog skeleton (D:4)
  2 hounds
  An iguana (D:4)
  3 big kobold zombies (Ossuary)
  11 gnolls
  6 adders
  6 adder zombies (Ossuary)
  A worm (D:3)
  2 giant geckos
  4 orcs
  3 ball pythons
  14 goblins
  3 hobgoblins
  11 kobolds
  13 bats
  8 giant cockroaches
  2 giant newts
  3 gnoll zombies (Ossuary)
  6 hobgoblin zombies (Ossuary)
  2 jackals (D:1)
  3 kobold zombies (Ossuary)
  6 orc zombies (Ossuary)
  A quokka zombie (D:7)
  13 rats
  A rat zombie (D:7)
132 creatures vanquished.

Notes
Turn   | Place    | Note
--------------------------------------------------------------
     0 | D:1      | likely the Demonspawn Berserker began the quest for the Orb.
     0 | D:1      | Reached XP level 1. HP: 18/18 MP: 1/1
   420 | D:1      | Gained mutation: You are partially covered in sharp spines. [demonic ancestry]
   420 | D:1      | Reached XP level 2. HP: 21/24 MP: 2/2
   562 | D:1      | Acquired Trog's second power
   821 | D:2      | Gained mutation: You are partially covered in large bone plates (AC +2, SH +2). [demonic ancestry]
   821 | D:2      | Reached XP level 3. HP: 29/29 MP: 3/3
   853 | D:2      | Reached skill level 4 in Axes
   971 | D:2      | Found a glowing golden altar of the Shining One.
   972 | D:2      | Found a sparkling altar of Nemelex Xobeh.
   973 | D:2      | Found an iron altar of Okawaru.
   975 | D:2      | Found a shattered altar of Ashenzari.
   975 | D:2      | Found a glowing silver altar of Zin.
  1119 | D:2      | Gained mutation: You have a pair of small horns on your head. [demonic ancestry]
  1119 | D:2      | Reached XP level 4. HP: 32/35 MP: 4/4
  1458 | D:3      | Reached skill level 5 in Axes
  1461 | D:3      | Reached XP level 5. HP: 33/41 MP: 5/5
  2267 | D:4      | Noticed afx's ghost (average OgFi)
  2281 | D:4      | Killed afx's ghost
  2281 | D:4      | Reached skill level 7 in Axes
  2281 | D:4      | Gained mutation: You are mostly covered in large bone plates (AC +3, SH +3). [demonic ancestry]
  2281 | D:4      | Reached XP level 6. HP: 45/47 MP: 6/6
  2350 | D:4      | Noticed Duvessa
  2351 | D:4      | Noticed Dowan
  2361 | D:4      | Killed Dowan
  2361 | D:4      | Acquired Trog's third power
  2361 | D:4      | Gained mutation: You have a pair of horns on your head. [demonic ancestry]
  2361 | D:4      | Reached XP level 7. HP: 41/52 MP: 7/7
  2364 | D:4      | Killed Duvessa
  2578 | D:4      | Found a white marble altar of Elyvilon.
  2848 | D:4      | Found a staircase to the Ecumenical Temple.
  3036 | D:5      | Entered Level 5 of the Dungeon
  3101 | D:5      | Gained mutation: You are resistant to hostile enchantments. [potion of mutation]
  3101 | D:5      | Gained mutation: You have sharp fingernails. [potion of mutation]
  3101 | D:5      | Gained mutation: You are clumsy. (Dex -2) [potion of mutation]
  3126 | D:5      | Reached skill level 8 in Axes
  3166 | D:5      | Found a snail-covered altar of Cheibriados.
  3187 | D:5      | You fall through a shaft for 2 floors!
  3259 | D:7      | Found a sand-covered staircase.
  3265 | D:7      | Got a distressingly furry cloak
  3290 | D:7      | Identified the +2 cloak of Calculation {Dex+3} (You found it on level 7 of the Dungeon)
  3292 | Ossuary  | Entered an ossuary
  3337 | Ossuary  | Noticed afx's ghost (experienced OgFi)
  3533 | Ossuary  | HP: 3/78 [afx's ghost (12)]
  3546 | Ossuary  | Slain by afx's ghost

Vault maps used:
D:1:      lemuel_arrival_river_ford, corner_web_ring
D:2:      grunt_temple_overflow_open, st_stairs_8, minmay_fountain_box
D:3:      first_bread, minivault_5
D:4:      lemuel_temple_firewalk, minivault_25, lemuel_statue_altar,
          uniq_duvessa
D:5:      lemuel_doored_altar
D:7:      enter_ossuary_4, water_boxes_lemuel
Ossuary:  ossuary_tomb_2

Action                   |  1- 3 |  4- 6 |  7- 9 || total
-------------------------+-------+-------+-------++-------
Melee: Hand axe          |    74 |    79 |   115 ||   268
Invok: Berserk           |     1 |     2 |     2 ||     5
       Brothers in Arms  |       |       |     2 ||     2
  Use: Potion            |       |       |     8 ||     8
       Scroll            |       |       |     7 ||     7
 Stab: Sleeping          |     1 |       |       ||     1
  Eat: Chunk             |     2 |     5 |     5 ||    12
       Bread ration      |       |       |     1 ||     1
